 Seeded DCSS version 0.32-a0-975-g85d4e5bfdb (webtiles) character file.

Game seed: 20240419 (custom seed)

51 Orlauf the Poker (level 3, -1/28 HPs)
             Began as a Demonspawn Gladiator on Apr 19, 2024.
             Incinerated by a bombardier beetle (5 damage)
             ... with a burning spray
             ... on level 3 of the Dungeon.
             The game lasted 00:01:59 (1404 turns).

Orlauf the Poker (Demonspawn Gladiator)             Turns: 1404, Time: 00:01:59

Health: -1/28      AC: 11    Str: 16    XL:     3   Next: 58%
Magic:  3/3        EV: 10    Int:  8    God:
Gold:   40         SH:  4    Dex: 14    Spells: 2/2 levels left

rFire   . . .        a - +0 trident (freeze)
rCold   . . .        l - +0 buckler
rNeg    . . .        j - +0 scale mail
rPois   .            c - +0 helmet
rElec   .            (no cloak)
rCorr   .            (no gloves)
SInv    .            (no boots)
Will    .....        (no amulet) Stlth
                     g - +4 ring of protection
HPRegen 0.24/turn    (no ring)
MPRegen 0.08/turn

%: no passive effects
@: on fire, glowing
A: repulsion field 1
a: no special abilities


You were on level 3 of the Dungeon.
You visited 1 branch of the dungeon, and saw 3 of its levels.

You collected 40 gold pieces.

Inventory:

Hand Weapons
 a - a +0 trident of freezing (weapon)
Missiles
 d - 3 throwing nets (quivered)
 e - a javelin
Armour
 c - a +0 helmet (worn)
 j - a +0 scale mail (worn)
 l - a +0 buckler (worn)
Jewellery
 g - a +4 ring of protection (left hand)
Potions
 b - a potion of degeneration {unknown}
 i - a potion of might {unknown}


   Skills:
 + Level 2.7 Fighting
 * Level 3.7 Polearms
 - Level 1.7 Throwing
 - Level 2.6 Dodging
 + Level 0.3 Shields


You had 2 spell levels left.
You didn't know any spells.
Your spell library was empty.

Dungeon Overview and Level Annotations

Branches:
Dungeon (3/15)

Altars:

Shops:
D:2 =


Innate Abilities, Weirdness & Mutations

You are surrounded by a mild repulsion field. (EV +2)


Message History

You freeze the bombardier beetle.
The bombardier beetle is severely wounded.
The liquid fire burns you!
The bombardier beetle sprays incendiary fluid at you.
The burning spray hits you.
You are even more covered in liquid fire!
You reach to attack!
You barely miss the bombardier beetle.
The bombardier beetle is severely wounded.
The liquid fire burns you!
You reach to attack!
You completely miss the bombardier beetle.
The bombardier beetle is severely wounded.
The liquid fire burns you!
You closely miss the bombardier beetle.
The bombardier beetle is severely wounded.
The liquid fire burns you!
The bombardier beetle bites you but does no damage.
You barely miss the bombardier beetle.
The bombardier beetle is severely wounded.
The liquid fire burns you!
You are too injured to fight recklessly!
You are too injured to fight recklessly!
You are too injured to fight recklessly!
You are too injured to fight recklessly!
You are too injured to fight recklessly!
You are too injured to fight recklessly!
You are too injured to fight recklessly!
You are too injured to fight recklessly!
You closely miss the bombardier beetle.
The bombardier beetle is severely wounded.
The liquid fire burns you!
You block the bombardier beetle's attack.
You hit the bombardier beetle but do no damage.
The bombardier beetle is severely wounded.
The liquid fire burns you!
* * * LOW HITPOINT WARNING * * *
The bombardier beetle bites you but does no damage.
You shake off some of the fire as you move.
The liquid fire burns you!
You die...

####### #.....#
#..<..# #.....#
########.....#
.#............#
........#.....#
........@.....#
..............#
......B......)#
....(.......#.#
............#.#
............# #
.#.....##.###
#.#### .# #. .#


You could see a bombardier beetle.

Vanquished Creatures
  2 dart slugs
  5 bats
  5 endoplasms (D:1)
  2 goblins (D:1)
  5 hobgoblins
  8 jackals
  6 kobolds
  A quokka (D:1)
  A frilled lizard (D:1)
  4 rats
39 creatures vanquished.

Notes
Turn   | Place    | Note
-------+----------+-------------------------------------------
     0 | D:1      | Orlauf the Demonspawn Gladiator began the quest for the
                  | Orb.
     0 | D:1      | Reached XP level 1. HP: 16/16 MP: 1/1
    49 | D:1      | Reached skill level 3 in Polearms
    90 | D:1      | Gained mutation: You are surrounded by a mild repulsion
                  | field. (EV +2) [demonic ancestry]
    90 | D:1      | Reached XP level 2. HP: 22/22 MP: 2/2
   367 | D:1      | You fall into a shaft and drop 1 floor!
   574 | D:2      | Found Merchonu's Jewellery Emporium.
   688 | D:2      | Reached XP level 3. HP: 28/28 MP: 3/3
  1404 | D:3      | Incinerated by a bombardier beetle

Illustrated notes

Levels and vault maps discovered:
D:1:      saegor_arrival_simple_c, layout_basic
D:2:      layout_loops_ring, serial_shops, shop_statue,
          hangedman_decor_opposing, minmay_fountain_box
D:3:      layout_rooms, nicolae_overflow_crystal_walls,
          shapermc_ecumenical_altar_mp_vishouse, moated_statue,
          minmay_misc_feat_x

Skill      XL: |  1 |
---------------+----+-----
Polearms       | 3 |  3.7
Fighting       | |  2.7
Throwing       | |  1.7
Dodging        | |  2.6
Shields        | |  0.3

Action                     || total
---------------------------++-------
  Melee: Trident           ||   114
    Use: Scroll            ||     6
 Armour: Leather armour    ||     9
         Scale mail        ||    58
         Ring mail         ||     1
  Dodge: Dodged            ||    69
  Block: Buckler           ||     9

Table legend: (Time is in decaauts)
 A = Elapsed time spent in this place.
 B = Non-inter-level travel time spent in this place.
 C = Inter-level travel time spent in this place.
 D = Time resting spent in this place.
 E = Time spent auto-exploring this place.
 F = Levels seen in this place.
 G = Mean time per level.
                   A        B        C        D        E       F      G
               +--------+--------+--------+--------+--------+-----+--------+
         Total |   1419 |   1378 |     41 |     91 |    964 |   3 |  473.0 |
       Dungeon |   1419 |   1378 |     41 |     91 |    964 |   3 |  473.0 |
               +--------+--------+--------+--------+--------+-----+--------+

Top non-repeatable levels by time:
     D:1: 719 daAuts
     D:2: 683 daAuts
     D:3: 16 daAuts
